 Dungeon Crawl Stone Soup version 0.14-a0-1613-gd720e3e (webtiles) character file.

209 Piginabag the Insei (level 4, -2/35 HPs)
             Began as a Demonspawn Monk on Dec 25, 2013.
             Killed from afar by Sigmund (3 damage)
             ... with a puff of flame
             ... on Level 3 of the Dungeon.
             The game lasted 00:07:25 (2624 turns).

Piginabag the Insei (Demonspawn Monk)               Turns: 2624, Time: 00:07:25

HP  -2/35        AC  6     Str 12      XL: 4   Next: 25%
MP   4/4         EV  7     Int 12      God:
Gold 124         SH  0     Dex 15      Spells:  0 memorised,  3 levels left

rFire  . . .     SeeInvis .       - Unarmed
rCold  . . .     Clarity  .     m - +0 scale mail
rNeg   . . .     Conserve .     (no shield)
rPois  .         rCorr    .     (helmet restricted)
rElec  .         rRot     .     (no cloak)
SustAb . .       Spirit   .     (no gloves)
rMut   .         Warding  .     (no boots)
Saprov . . .     Stasis   .     (no amulet)
                                (no ring)
                                (no ring)

@: confused, slightly resistant to hostile enchantments, extremely unstealthy
A: antennae 1, claws 1, hooves 1
a: no special abilities


You were on level 3 of the Dungeon.
You were not hungry.

You visited 1 branch of the dungeon, and saw 3 of its levels.

You collected 124 gold pieces.

Inventory:

Armour
 a - a +0 robe
 m - a +0 scale mail (worn)
Comestibles
 b - a bread ration
 g - 2 meat rations
Scrolls
 c - a scroll of noise {unknown}
 f - 4 scrolls of remove curse {unknown}
 i - a scroll of magic mapping {unknown}
 j - a scroll of identify {unknown}
 l - a scroll of enchant armour {unknown}
 o - a scroll of curse armour {unknown}
 p - a scroll of blinking {unknown}
 q - a scroll of curse weapon {unknown}
Jewellery
 n - an uncursed amulet of warding {unknown}
Potions
 d - 2 potions of degeneration {unknown}
 e - a potion of restore abilities {unknown}


   Skills:
 + Level 3.4 Fighting
 + Level 0.1 Armour
 + Level 3.5 Dodging
 + Level 2.3 Stealth
 + Level 4.1 Unarmed Combat


You had 3 spell levels left.
You didn't know any spells.

Dungeon Overview and Level Annotations

Branches:
Dungeon (3/16)

Altars:

Annotations:
D:3 Sigmund


Innate Abilities, Weirdness & Mutations

You have a pair of small antennae on your head.
You have sharp fingernails.
You have large cloven feet.


Message History

You hear some strange, mumbled words.
The puff of flame hits you!
You feel less confused.
You hear some strange, mumbled words.
You are confused.
A jackal comes into view.
The jackal barks!
It hits you. It hits you.
You hear some strange, mumbled words.
The puff of flame hits you!
* * * LOW HITPOINT WARNING * * *
It hits you.
* * * LOW HITPOINT WARNING * * *
The jackal bites you but does no damage.
Ouch!
The jackal bites you but does no damage.
You hear some strange, mumbled words.
The puff of flame hits you!
You die...

####.### #......# #.##.#.#
######## #.##.#.# #..
...###### ....)#.##
#.####.##<..#
#.......###.##........#
.....#.........#.##...#####
#.##.##.###.####h###......#
#....##.###.####@# #.####.##
#.##.##..........###.###...#
.....##......######(..##...#
#............# #..###...#
####.###.....# #..##.......#
####.# #.....#
#.##.........# #....#
###.#### #.#....≈≈≈....#
#.########)...#
###...≈≈≈≈≈...# #.#
#......##.#####...≈≈.o.≈≈...


You could see a jackal.

Vanquished Creatures
  2 adders (D:2)
  A worm (D:2)
  3 giant geckos
  A ball python (D:1)
  6 bats
  5 giant cockroaches
  9 goblins
  8 hobgoblins
  8 kobolds
  4 quokkas
  2 giant newts
  4 rats
53 creatures vanquished.

Notes
Turn   | Place    | Note
--------------------------------------------------------------
     0 | D:1      | Piginabag, the Demonspawn Monk, began the quest for the Orb.
     0 | D:1      | Reached XP level 1. HP: 18/18 MP: 1/1
   164 | D:1      | Gained mutation: You have sharp fingernails. [demonic ancestry]
   164 | D:1      | Reached XP level 2. HP: 21/24 MP: 2/2
   765 | D:2      | Gained mutation: You have large cloven feet. [demonic ancestry]
   765 | D:2      | Reached XP level 3. HP: 21/29 MP: 3/3
   908 | D:2      | Reached skill level 4 in Unarmed Combat
  1560 | D:3      | Gained mutation: You have a pair of small antennae on your head. [demonic ancestry]
  1560 | D:3      | Reached XP level 4. HP: 35/35 MP: 4/4
  2297 | D:3      | Noticed Sigmund
  2333 | D:3      | HP: 1/35 [it/magic dart (3)]
  2623 | D:3      | HP: 1/35 [something (4)]
  2624 | D:3      | Killed from afar by Sigmund

Action                   |  1- 3 |  4- 6 || total
-------------------------+-------+-------++-------
Melee: Unarmed           |   148 |    37 ||   185
  Use: Potion            |     2 |     3 ||     5
 Stab: Sleeping          |     3 |       ||     3
